 Dungeon Crawl Stone Soup version 0.32-a0-673-g3729bd50f8 (webtiles) character file.

Game seed: 17662594716300571299

115 cforsyth the Grave Robber (level 4, -2/38 HPs)
             Began as a Mountain Dwarf Necromancer on Mar 11, 2024.
             Slain by a kobold brigand
             ... wielding a +0 club
              (6 damage)
             ... in a sewer.
             The game lasted 00:04:27 (2373 turns).

cforsyth the Grave Robber (MDNe)                    Turns: 2373, Time: 00:04:28

Health: -2/38      AC:  2    Str: 12    XL:     4   Next: 68%
Magic:  6/6        EV: 11    Int: 16    God:
Gold:   117        SH:  0    Dex: 10    Spells: 5/6 levels left

rFire   . . .        j - +0 whip (venom)
rCold   . . .        (no shield)
rNeg    . . .        a - +0 robe
rPois   .            (no helmet)
rElec   .            (no cloak)
rCorr   .            (no gloves)
SInv    .            (no boots)
Will    .....        (no amulet)
Stlth   +            (no ring)
HPRegen 0.26/turn    (no ring)
MPRegen 0.10/turn

%: no passive effects
@: hasted, slow
A: runic magic, artefact enchanting
a: no special abilities


You were in a sewer.
You visited 1 branch of the dungeon, and saw 3 of its levels.
You also visited: Sewer.

You collected 117 gold pieces.


Innate Abilities, Weirdness & Mutations

Your spellcasting is much less encumbered by armour.
You can use scrolls of enchantment on lesser artefacts.


   Skills:
 + Level 3.3 Fighting
 - Level 1.3 Dodging
 - Level 1.4 Stealth
 - Level 1.7 Spellcasting
 + Level 5.6 Necromancy


You had 5 spell levels left.
You knew the following spells:

 Your Spells              Type           Power      Damage    Failure   Level
X - Necrotise             Necr           76%        1d7       1%          1

Your spell library contained the following spells:

 Spells                   Type           Power      Damage    Failure   Level
 Vampiric Draining        Necr           19%        2d7       6%          3
 Animate Dead             Necr           19%        N/A       21%         4
 Curse of Agony           Necr           19%        N/A       50%         5

Inventory:

Hand Weapons
 j - a +0 whip of venom (weapon)
Armour
 a - a +0 robe (worn)
Wands
 c - a wand of light (3)
Scrolls
 d - a scroll of noise {unknown}
 h - 2 scrolls of identify {unknown}
 l - a scroll of butterflies {unknown}
Potions
 b - a potion of magic
 e - a potion of haste {@q3}
 f - 2 potions of lignification {unknown}
 g - a potion of resistance {unknown}
 i - a potion of invisibility {unknown}
 k - a potion of berserk rage {unknown}

Dungeon Overview and Level Annotations

Branches:
Dungeon (3/15)              Sewer (1/1)

Altars:
Elyvilon

#~~~~~~.∩ #.~.~~... ▒▒▒
##~~~...~. K~~~~#####
##..~.~....
▒~~~.~####.~..##~~.~
.K~~~###K~...~~~####~~.
▒▒▒▒▒## #~~~~~~..# #~~~
▒.~~~~###~~..~~.## ~.~~
▒▒▒▒▒~~@K~####### .~~.
▒.~~~~##### .~##
▒▒▒▒▒##


You could see a kobold brigand (poisoned).


Message History

Unknown command.
Your unstable footing causes you to fumble your attack.
The kobold brigand closely misses you.
Your unstable footing causes you to fumble your attack.
The kobold brigand hits you with a +0 club!
The kobold brigand hits you but does no damage.
Unknown command.
You closely miss the kobold brigand.
The kobold brigand is lightly wounded.
The kobold brigand barely misses you.
Unknown command.
You barely miss the kobold brigand.
The kobold brigand is moderately wounded.
The kobold brigand hits you with a +0 club.
* * * LOW HITPOINT WARNING * * *
Unknown command.
Unknown command.
Your unstable footing causes you to fumble your attack.
The kobold brigand hits you with a +0 club.
* * * LOW HITPOINT WARNING * * *
Unknown command.
Unknown command.
Unknown command.
Your unstable footing causes you to fumble your attack.
The kobold brigand hits you with a +0 club!
* * * LOW HITPOINT WARNING * * *
Unknown command.
It was a potion of haste.
You feel yourself speed up.
The kobold brigand hits you with a +0 club.
You die...

Skill      XL: |  1  2  3  4 |
---------------+-------------+-----
Fighting       | 1 2 3 |  3.3
Necromancy     | 5 |  5.6
Dodging        | |  1.3
Stealth        | |  1.4
Spellcasting   | |  1.7

Action                     |  1- 3 |  4- 6 || total
---------------------------+-------+-------++-------
  Melee: Unarmed           |    37 |       ||    37
         Whip              |     3 |    33 ||    36
   Cast: Necrotise         |    65 |    25 ||    90
    Use: Scroll            |       |     2 ||     2
         Potion            |       |     1 ||     1
 Armour: Robe              |    39 |    28 ||    67
  Dodge: Dodged            |    36 |    18 ||    54

Levels and vault maps discovered:
D:1:      dpeg_arrival_chambers_temple_mockup, layout_basic,
          wander_ebering_terrifying_dragon_lair
D:2:      layout_loops_ring
D:3:      layout_loops_cross, mainiacjoe_overflow_catwalk_spiral,
          cheibrodos_sewer_entry_bend, grunt_decor_resistance
Sewer:    sewer_co_tree

Notes
Turn   | Place    | Note
-------+----------+-------------------------------------------
     0 | D:1      | cforsyth the Mountain Dwarf Necromancer began the quest for
                  | the Orb.
     0 | D:1      | Reached XP level 1. HP: 14/14 MP: 3/3
   259 | D:1      | Reached skill level 1 in Fighting
   313 | D:1      | Reached XP level 2. HP: 23/23 MP: 1/4
  1018 | D:2      | Reached skill level 2 in Fighting
  1018 | D:2      | Reached skill level 5 in Necromancy
  1018 | D:2      | Reached XP level 3. HP: 13/29 MP: 0/5
  1534 | D:2      | Reached XP level 4. HP: 36/37 MP: 1/6
  2071 | D:3      | Reached skill level 3 in Fighting
  2102 | D:3      | Found a white marble altar of Elyvilon.
  2136 | D:3      | Found a glowing drain.
  2264 | Sewer    | Entered a sewer
  2348 | Sewer    | Noticed a kobold brigand
  2373 | Sewer    | Slain by a kobold brigand

Vanquished Creatures
  5 adders
  2 ribbon worms (D:3)
  A dart slug (D:1)
  7 endoplasms
  2 giant cockroaches
  5 goblins
  5 hobgoblins
  3 jackals (D:1)
  7 kobolds
  A quokka (D:3)
  4 bats
  3 frilled lizards
  4 rats
49 creatures vanquished.

Vanquished Creatures (collateral kills)
  An adder (D:3)
  2 ball pythons
3 creatures vanquished.

Grand Total: 52 creatures vanquished

Table legend: (Time is in decaauts)
 A = Elapsed time spent in this place.
 B = Non-inter-level travel time spent in this place.
 C = Inter-level travel time spent in this place.
 D = Time resting spent in this place.
 E = Time spent auto-exploring this place.
 F = Levels seen in this place.
 G = Mean time per level.
                   A        B        C        D        E       F      G
               +--------+--------+--------+--------+--------+-----+--------+
         Total |   2397 |   2347 |     50 |    148 |   1721 |   4 |  599.2 |
       Dungeon |   2267 |   2217 |     50 |    118 |   1661 |   3 |  755.7 |
         Sewer |    130 |    130 |      0 |     30 |     60 |   1 |  130.0 |
               +--------+--------+--------+--------+--------+-----+--------+

Top non-repeatable levels by time:
     D:2: 1101 daAuts
     D:1: 963 daAuts
     D:3: 202 daAuts
   Sewer: 130 daAuts

Table legend:
 A = Non-vault XP
 B = Vault XP
 C = Vault XP percentage of total XP
 D = Non-vault monster count
 E = Vault monster count
 F = Vault count percentage of total count
                 A         B        C        D         E       F
            +---------+---------+-------+---------+---------+-------
      Total |     141 |      24 |  14.5 |      48 |       4 |   7.7
            +---------+---------+-------+---------+---------+-------
        D:1 |      34 |       1 |   2.9 |      20 |       1 |   4.8
        D:2 |      84 |       0 |   0.0 |      22 |       0 |   0.0
        D:3 |      23 |       9 |  28.1 |       6 |       2 |  25.0
      Sewer |       0 |      14 | 100.0 |       0 |       1 | 100.0
            +---------+---------+-------+---------+---------+-------
